 Dungeon Crawl Stone Soup version 0.29-a0-495-g17b79114eb (webtiles) character file.

Game seed: 17508913043953845427

134 Hubjo the Magician (level 4, -3/26 HPs)
             Began as a Deep Elf Fire Elementalist on May 27, 2022.
             Killed from afar by Natasha (7 damage)
             ... with a magic dart
             ... on level 2 of the Dungeon.
             The game lasted 00:03:57 (3581 turns).

Hubjo the Magician (Deep Elf Fire Elementalist)     Turns: 3581, Time: 00:03:57

Health: -3/26      AC:  4    Str:  7    XL:     4   Next: 95%
Magic:  2/12       EV: 12    Int: 22    God:
Gold:   30         SH:  0    Dex: 15    Spells: 10/11 levels left

rFire   . . .      SeeInvis .   j - +2 short sword (protect)
rCold   . . .      Faith    .   (no shield)
rNeg    . . .      Spirit   .   a - +0 robe
rPois   .          Reflect  .   (no helmet)
rElec   .          Harm     .   (no cloak)
rCorr   .          Rampage  .   (no gloves)
Will    .....                   (no boots)
Stlth   ++........              (no amulet)
HPRegen 0.08/turn               (no ring)
MPRegen 0.13/turn               (no ring)

@: slowed, very slow
A: iridescent scales 1, sense surroundings 1, strong 1
a: no special abilities


You were on level 2 of the Dungeon.
You visited 1 branch of the dungeon, and saw 2 of its levels.

You collected 30 gold pieces.

Inventory:

Hand Weapons
 j - a +2 short sword of protection (weapon)
Armour
 a - a +0 robe (worn)
Jewellery
 l - a ring of protection from fire
Scrolls
 c - a scroll of identify
 d - a scroll of noise {unknown}
 h - 2 scrolls of immolation {unknown}
 i - a scroll of blinking {unknown}
Potions
 b - a potion of magic
 g - a potion of mutation


   Skills:
 * Level 2.2 Fighting
 - Level 2.4 Dodging
 + Level 3.7 Stealth
 + Level 4.1 Spellcasting
 - Level 1.1 Conjurations
 + Level 4.0 Fire Magic


You had 10 spell levels left.
You knew the following spells:

 Your Spells              Type           Power      Damage    Failure   Level
a - Foxfire               Conj/Fire      60%        2x1d7     3%          1

Your spell library contained the following spells:

 Spells                   Type           Power      Damage    Failure   Level
 Scorch                   Fire           44%        2d7       3%          2
 Conjure Flame            Conj/Fire      15%        6-21      12%         3
 Inner Flame              Hex/Fire       13%        N/A       14%         3
 Flame Wave               Conj/Fire      15%        2d6       36%         4


Dungeon Overview and Level Annotations

Branches:
Dungeon (2/15)

Altars:

Annotations:
D:2 Natasha


Innate Abilities, Weirdness & Mutations

You are partially covered in iridescent scales. (AC +2)
You passively map a small area around you.
Your muscles are strong. (Str +2)


Message History

There is not enough space to conjure foxfire!
Your foxfire dissipates!
The foxfire hits Natasha.
Natasha is moderately wounded.
The foxfire hits Natasha.
Natasha is heavily wounded.
Natasha hisses.
Natasha claws you but does no damage.
There are monsters nearby!
You conjure some foxfire!
Natasha completely misses you.
The foxfire hits Natasha.
Natasha is heavily wounded.
The foxfire hits Natasha.
Natasha is severely wounded.
Natasha claws you.
You are too injured to fight recklessly!
You are too injured to fight recklessly!
Natasha claws you.
You are too injured to fight recklessly!
Natasha barely misses you.
You are too injured to fight recklessly!
As you read the scroll labelled OKKEOVE WOQUPT, it crumbles to dust.
The scroll dissolves into smoke.
It was a scroll of fog.
Natasha claws you.
* * * LOW HITPOINT WARNING * * *
Casting: Foxfire (safe; 3% risk of failure)
Confirm with . or Enter, or press ? or * to list all spells.
You conjure some foxfire!
Natasha closely misses you.
The orc priest begins to cast a cantrip, but forgets the words!
Your foxfire dissipates!
The foxfire hits Natasha.
Natasha is almost dead.
Natasha stares at you and mumbles some strange words.
You feel yourself slow down. Natasha casts a spell at you.
The magic dart hits you.
* * * LOW HITPOINT WARNING * * *
Natasha misses you.
Natasha stares at you and mumbles some strange words.
The magic dart hits you!
You die...

###.###.###
###o### ....#
#...# #§##
###.###.#.# #§§#
##...##.# ##§#
#..###.# #§#
###.####.# #o#
#.....##.# #h#
##.###.##.######.#
...# #..........@#
##.###.###.#######
#.....# #.#
###.### #.# #.#
#.# ####.# #.#
..##.# #.# #.##.#
#.# ...#.# #.#


You could see an orc priest and Natasha.

Vanquished Creatures
  An orc priest (D:2)
  Natasha (D:2)
  A gnoll (D:1)
  An adder (D:2)
  A worm (D:2)
  A dart slug (D:2)
  2 orcs (D:2)
  5 ball pythons
  2 bats
  6 endoplasms
  A giant cockroach (D:1)
  4 goblins (D:1)
  6 hobgoblins
  7 quokkas
  8 kobolds
  2 rats (D:1)
49 creatures vanquished.

Vanquished Creatures (collateral kills)
  8 foxfires (D:1)
8 creatures vanquished.

Vanquished Creatures (others)
  296 foxfires
296 creatures vanquished.

Grand Total: 353 creatures vanquished

Notes
Turn   | Place    | Note
-------+----------+-------------------------------------------
     0 | D:1      | Hubjo the Deep Elf Fire Elementalist began the quest for
                  | the Orb.
     0 | D:1      | Reached XP level 1. HP: 10/10 MP: 6/6
   446 | D:1      | Reached XP level 2. HP: 13/16 MP: 4/8
   446 | D:1      | Upgraded the game from 0.29-a0-490-g77b3608bb8 to
                  | 0.29-a0-495-g17b79114eb
   778 | D:1      | Reached skill level 1 in Fighting
  1278 | D:1      | Reached XP level 3. HP: 20/20 MP: 4/9
  2578 | D:2      | Reached XP level 4. HP: 26/26 MP: 5/11
  3101 | D:2      | Noticed Natasha
  3112 | D:2      | Gained mutation: Your muscles are strong. (Str +2) [potion
                  | of mutation]
  3112 | D:2      | Gained mutation: You passively map a small area around you.
                  | [potion of mutation]
  3112 | D:2      | Gained mutation: You are partially covered in iridescent
                  | scales. (AC +2) [potion of mutation]
  3112 | D:2      | HP: 1/26 [poisoned by an adder]
  3193 | D:2      | HP: 1/26 [Natasha (7)]
  3194 | D:2      | Killed Natasha
  3551 | D:2      | Found a faded altar of an unknown god.
  3556 | D:2      | Noticed Natasha
  3581 | D:2      | Killed from afar by Natasha

Illustrated notes

Levels and vault maps discovered:
D:1:      psy_arrival_conway, layout_loops_corners, amethyst_killhole
D:2:      layout_loops_ring, shapermc_ecumenical_altar_starsandcircs,
          minivault_11, kennysheep_generic_room_15, uniq_natasha

Skill      XL: |  1  2  3  4 |
---------------+-------------+-----
Fighting       | 1 2 |  2.2
Stealth        | 3 |  3.7
Spellcasting   | 4 |  4.1
Fire Magic     | 4 |  4.0
Dodging        | |  2.4
Conjurations   | |  1.1

Action                   |  1- 3 |  4- 6 || total
-------------------------+-------+-------++-------
Melee: Unarmed           |     1 |       ||     1
       Short sword       |       |     1 ||     1
 Cast: Foxfire           |   152 |    44 ||   196
  Use: Scroll            |       |     3 ||     3
       Potion            |       |     2 ||     2
Armor: Robe              |     3 |     2 ||     5
Dodge: Dodged            |    12 |    12 ||    24

Table legend: (Time is in decaauts)
 A = Elapsed time spent in this place.
 B = Non-inter-level travel time spent in this place.
 C = Inter-level travel time spent in this place.
 D = Time resting spent in this place.
 E = Time spent auto-exploring this place.
 F = Levels seen in this place.
 G = Mean time per level.
                   A        B        C        D        E       F      G
               +--------+--------+--------+--------+--------+-----+--------+
         Total |   3592 |   3555 |     37 |      0 |   3163 |   2 | 1796.0 |
       Dungeon |   3592 |   3555 |     37 |      0 |   3163 |   2 | 1796.0 |
               +--------+--------+--------+--------+--------+-----+--------+

Top non-repeatable levels by time:
     D:1: 2064 daAuts
     D:2: 1527 daAuts
